 Dungeon Crawl Stone Soup version 0.23.2-40-g277498a001 (webtiles) character file.

Game seed: 6096513816882891284

43 Kikorro the Skirmisher (level 3, -1/33 HPs)
             Began as a Hill Orc Fighter on Sept 5, 2019.
             Killed by nerve-wracking pain
             ... invoked by an orc priest
              (11 damage)
             ... on level 1 of the Dungeon.
             The game lasted 00:03:42 (985 turns).

Kikorro the Skirmisher (Hill Orc Fighter)            Turns: 985, Time: 00:03:42

Health: -1/33      AC:  6    Str: 19    XL:     3   Next: 58%
Magic:  3/3        EV:  7    Int:  8    God:
Gold:   73         SH: 10    Dex: 10    Spells: 2/2 levels left

rFire    . . .     SeeInvis .   a - +0 war axe
rCold    . . .     Gourm    .   c - +1 shield
rNeg     . . .     Faith    .   b - +0 scale mail
rPois    .         Spirit   .   (no helmet)
rElec    .         Reflect  .   (no cloak)
rCorr    .         Harm     .   (no gloves)
MR       .....                  (no boots)
Stlth    ..........             (no amulet)
HPRegen  0.11/turn              (no ring)
MPRegen  0.08/turn              (no ring)

@: no status effects
A: no striking features
a: Convert to Beogh


You were on level 1 of the Dungeon.
You were not hungry.

You visited 1 branch of the dungeon, and saw 2 of its levels.

You collected 73 gold pieces.

Inventory:

Hand Weapons
 a - a +0 war axe (weapon)
Armour
 b - a +0 scale mail (worn)
 c - a +1 shield (worn)
Scrolls
 i - a scroll of fear {unknown}
 j - a scroll of enchant armour
 k - a scroll of identify {unknown}
 l - a scroll of magic mapping {unknown}
 m - a scroll of teleportation {unknown}
Potions
 d - 2 potions of might
 e - a potion of curing {unknown}
 g - a potion of mutation {unknown}
Comestibles
 f - 3 rations


   Skills:
 + Level 4.2 Fighting
 + Level 3.5 Axes
 + Level 3.5 Armour
 + Level 0.1 Dodging
 + Level 3.8 Shields


You had 2 spell levels left.
You didn't know any spells.
Your spell library was empty.

Dungeon Overview and Level Annotations

Branches:
Dungeon (2/15)

Altars:


Message History

Unknown command.
The kobold shouts!
You hit the jackal.
The jackal is almost dead.
You slash the orc priest! You hit the kobold.
You hear a shout!
The jackal bites you but does no damage.
A quokka comes into view.
The jackal bites you. The kobold hits you with a +0 whip.
You block the orc priest's attack.
An orc warrior comes into view.
It is wielding a +2 hand axe of chopping.
The orc priest threatens, "By the altar or by the axe, you will meet Beogh!"
The jackal bites you but does no damage.
You block the kobold's attack. You block the orc priest's attack.
The jackal bites you.
You climb upwards.
There is a stone staircase leading down here.
The orc priest calls down the wrath of Beogh upon you.
Pain shoots through your body!
You die...

#.###............#.#######...####
...##..............##.......(....
.................#...............
#.รท#.............#.##.......(....
...#...............#######..(####
##.#...............# #.......
.....#####.###..h#.# #...####
.).### #.....Ko#.# #...# ####
######.#@#.##### #...# #
#..............# ##.## #
#.####.....###.# ##.##
#########.#####..#####.###...##
.................#............#
###.#####.#####..#..##.###....#
#.#####.#####.....##.# ##.#>#
#..##................######.###
##.##.#########.#.........#....


You could see an orc priest, a jackal and a kobold.

Vanquished Creatures
  An ooze (D:1)
  A dart slug (D:1)
  2 leopard geckos (D:1)
  5 bats (D:1)
  A giant cockroach (D:1)
  4 goblins (D:1)
  3 hobgoblins (D:1)
  3 jackals (D:2)
  5 kobolds (D:1)
  A frilled lizard (D:1)
  7 rats (D:1)
33 creatures vanquished.

Notes
Turn   | Place    | Note
-------+----------+-------------------------------------------
     0 | D:1      | Kikorro the Hill Orc Fighter began the quest for the Orb.
     0 | D:1      | Reached XP level 1. HP: 19/19 MP: 1/1
   200 | D:1      | Reached XP level 2. HP: 18/27 MP: 2/2
   328 | D:1      | Reached skill level 4 in Fighting
   493 | D:1      | Reached XP level 3. HP: 33/33 MP: 3/3
   982 | D:2      | Noticed an orc warrior
   985 | D:1      | Killed from afar by an orc priest

Skill      XL: |  1  2 |
---------------+-------+-----
Fighting       | 4 |  4.2
Axes           | 3 |  3.5
Armour         | |  3.5
Dodging        | |  0.1
Shields        | |  3.8

Action                   || total
-------------------------++-------
Melee: War axe           ||   121
  Use: Scroll            ||     1
  Eat: Chunk             ||     1
Armor: Scale mail        ||    78
Dodge: Dodged            ||    39
Block: Shield            ||    84
